 Dungeon Crawl Stone Soup version 0.19.0 (webtiles) character file.

53 Cacophonie the Cudgeler (level 3, 0/29 HPs)
             Began as a Demonspawn Abyssal Knight on Nov 11, 2016.
             Was a Believer of Lugonu.
             Succumbed to an adder's poison
             ... on level 2 of the Dungeon.
             The game lasted 00:09:00 (2978 turns).

Cacophonie the Cudgeler (Demonspawn Abyssal Knight) Turns: 2978, Time: 00:09:01

Health: 0/29       AC:  3    Str: 13    XL:     3   Next: 64%
Magic:  4/4        EV: 11    Int: 13    God:    Lugonu [**....]
Gold:   75         SH:  0    Dex: 12    Spells: 0 memorised, 2 levels left

rFire  + . .     SeeInvis +     a - +1 mace
rCold  + . .     Gourm    .     b - +0 leather armour
rNeg   . . .     Faith    .     (no shield)
rPois  +         Spirit   .     (helmet restricted)
rElec  +         Reflect  .     (no cloak)
rCorr  +         Harm     .     (no gloves)
MR     .....                    (no boots)
Stlth  +.........               (no amulet)
                                (no ring)
                                f - ring of see invisible

@: lethally poisoned (0 -> -5), resistant, very slightly contaminated, hasted,
very quick
A: antennae 1
a: Depart the Abyss, Bend Space, Renounce Religion


You were on level 2 of the Dungeon.
You worshipped Lugonu.
Lugonu was pleased with you.
You were not hungry.

You visited 1 branch of the dungeon, and saw 2 of its levels.
You visited the Abyss 1 time.

You collected 75 gold pieces.


Message History

* * * don't die
* * * You barely miss the adder!
The adder is severely wounded!
The adder bites you but does no damage! The adder bites you! * * * don't die
* * * It was a potion of haste!
You feel yourself speed up! * * * don't die
* * * You feel sick!
The adder misses you!
You are very lightly contaminated with residual magic! * * * don't die
* * * You feel sick!
You see here 3 tomahawks!
It was a potion of resistance!
You feel protected! * * * don't die
* * * You feel sick!
The adder completely misses you!
Unknown command!
You see here a scroll labeled LER EHILEGITU!
Unknown command! rip

#.###.# #.#.# ..#.#.#
#.#.# ..#...# #(#.#
...#### #.#.# #...##
#.#.# #....## #S#.#
#.....#{ #?#.# #.#...#
#.#.# #.###.#######
#@#.# #............
#.#.#####
#####.##########.#.<...#
# #.#..........#####.# #
#.......# ### #.# #
###.##.###########.## #
#.##..............# #
#.################# #
#.#.....#


You could see an adder.

Inventory:

Hand Weapons
 a - a +1 mace (weapon)
Missiles
 g - 86 stones (quivered)
 h - 8 tomahawks
Armour
 b - a +0 leather armour (worn)
 e - a +0 cloak
Jewellery
 f - a ring of see invisible (left hand)
Scrolls
 j - a scroll of recharging
 o - a scroll of fog {unknown}
 p - a scroll of identify {unknown}
 s - a scroll of fear {unknown}
Potions
 r - a potion of flight {unknown}
Comestibles
 c - 2 bread rations
 d - 5 chunks of flesh
 k - a slice of pizza
 n - a meat ration


   Skills:
 - Level 3.0 Fighting
 + Level 3.6 Maces & Flails
 - Level 1.7 Armour
 - Level 0.8 Dodging
 - Level 2.4 Invocations


You had 2 spell levels left.
You didn't know any spells.


Innate Abilities, Weirdness & Mutations

You have a pair of small antennae on your head.

Dungeon Overview and Level Annotations

Branches:
Dungeon (2/15)

Altars:
Fedhas
Zin

Vault maps used:
D:1:      dpeg_arrival_short_road, minmay_tetromino_o4
D:2:      lemuel_round_altar, fedhas_altar_3, first_bread, solitary_fountain,
          uniq_jessica

Vanquished Creatures
  2 worms (D:2)
  A dart slug (D:1)
  A leopard gecko (D:1)
  6 bats (D:1)
  5 giant cockroaches
  4 goblins
  8 hobgoblins
  2 frilled lizards
  8 kobolds (D:1)
  5 rats
  A fungus (D:2)
43 creatures vanquished.

Notes
Turn   | Place    | Note
-------+----------+-------------------------------------------
     0 | Abyss:1  | Cacophonie the Demonspawn Abyssal Knight began the quest for the Orb.
     0 | Abyss:1  | Reached XP level 1. HP: 18/18 MP: 2/2
    19 | D:1      | Escaped the Abyss
   349 | D:1      | Gained mutation: You have a pair of small antennae on your head. [demonic ancestry]
   349 | D:1      | Reached XP level 2. HP: 23/24 MP: 3/3
   759 | D:1      | Reached ** piety under Lugonu
   996 | D:1      | Reached XP level 3. HP: 9/29 MP: 4/4
  1746 | D:2      | Found a blossoming altar of Fedhas.
  1764 | D:2      | Found a glowing silver altar of Zin.
  2959 | D:2      | Gained mutation: You are dopey. (Int -2) [potion of mutation]
  2959 | D:2      | Lost mutation: You are dopey. (Int -2) [potion of mutation]
  2971 | D:2      | HP: 1/29 [poisoned by an adder]
  2978 | D:2      | Succumbed to an adder's poison
